 Dungeon Crawl Stone Soup version 0.27.0-1-g7a089689b8 (webtiles) character file.

Game seed: 4374576144185957442

34 rvierbuc the Slasher (level 3, 0/27 HPs)
             Began as a Demonspawn Gladiator on Aug 4, 2021.
             Slain by Crazy Yiuf (13 damage)
             ... on level 2 of the Dungeon.
             The game lasted 00:07:08 (884 turns).

rvierbuc the Slasher (Demonspawn Gladiator)          Turns: 884, Time: 00:07:09

Health: 0/27       AC:  4    Str: 15    XL:     3   Next: 14%
Magic:  3/3        EV: 12    Int:  9    God:
Gold:   54         SH:  0    Dex: 14    Spells: 2/2 levels left

rFire    . . .     SeeInvis .   a - +0 long sword
rCold    . . .     Faith    .   (no shield)
rNeg     . . .     Spirit   .   b - +0 leather armour
rPois    .         Reflect  .   c - +0 helmet
rElec    .         Harm     .   (no cloak)
rCorr    .         Rampage  .   (no gloves)
Will     .....                  (no boots)
Stlth    +.........             (no amulet)
HPRegen  0.09/turn              (no ring)
MPRegen  0.08/turn              (no ring)

@: no status effects
A: demonic guardian 1
a: no special abilities


You were on level 2 of the Dungeon.
You visited 1 branch of the dungeon, and saw 2 of its levels.

You collected 54 gold pieces.

Inventory:

Hand Weapons
 a - a +0 long sword (weapon)
 j - a +1 vorpal mace
Missiles
 d - 3 throwing nets (quivered)
Armour
 b - a +0 leather armour (worn)
 c - a +0 helmet (worn)
Scrolls
 f - a scroll of enchant armour {unknown}
 i - 2 scrolls of magic mapping {unknown}
Potions
 e - a potion of degeneration {unknown}
 g - a potion of magic {unknown}
 h - a potion of flight {unknown}


   Skills:
 + Level 2.1 Fighting
 + Level 3.4 Long Blades
 + Level 1.8 Throwing
 + Level 0.2 Armour
 + Level 3.0 Dodging


You had 2 spell levels left.
You didn't know any spells.
Your spell library was empty.

Dungeon Overview and Level Annotations

Branches:
Dungeon (2/15)

Altars:

Annotations:
D:2 Crazy Yiuf


Innate Abilities, Weirdness & Mutations

A weak demonic guardian rushes to your aid.


Message History

The fungus is lightly damaged.
You hit the fungus.
The fungus is lightly damaged.
You hit the fungus.
The fungus is lightly damaged.
You completely miss the fungus.
The fungus is lightly damaged.
A nearby fungus withers and dies.
You slash the fungus!
The fungus begins to die.
The fungus is lightly damaged.
You slash the fungus!
The fungus is lightly damaged.
You hit the fungus.
The fungus is lightly damaged.
A nearby fungus withers and dies.
You hit the fungus but do no damage. You hit the fungus.
The fungus begins to die.
The fungus is lightly damaged.
You hit the fungus.
The fungus is lightly damaged.
You hit the fungus but do no damage.
The fungus is lightly damaged.
You hit the fungus.
The fungus is lightly damaged.
A nearby fungus withers and dies.
You hit the fungus but do no damage. You hit the fungus.
The fungus begins to die.
The fungus is lightly damaged.
You slash the fungus!
The fungus is lightly damaged.
You hit the fungus.
The fungus is lightly damaged.
A nearby fungus withers and dies.
Found a mace.
Found a runed translucent door.
Crazy Yiuf shouts!
You open the door. You closely miss Crazy Yiuf.
Crazy Yiuf hits you with a +3 quarterstaff of chaos!
A demonic guardian appears!
You are electrocuted!
You die...

.#.##### .......#
.#.....# .#.†...#
##..†..# +....<#
#.....### ###
#.....))#### ###..)#
#..........####@g5..#
#.....))....#..##...#
#.....#)#..#.### ###
..)#+########## ##.
.( ##


You could see Crazy Yiuf (ally target) and a friendly shadow imp (summoned).

Vanquished Creatures
  An adder (D:2)
  2 ball pythons
  3 endoplasms (D:1)
  A goblin (D:1)
  A hobgoblin (D:1)
  6 jackals
  3 quokkas (D:1)
  A kobold (D:1)
  2 rats
20 creatures vanquished.

Vanquished Creatures (collateral kills)
  A jackal (D:1)
1 creature vanquished.

Vanquished Creatures (others)
  5 fungi (D:2)
5 creatures vanquished.

Grand Total: 26 creatures vanquished

Notes
Turn   | Place    | Note
-------+----------+-------------------------------------------
     0 | D:1      | rvierbuc the Demonspawn Gladiator began the quest for the
                  | Orb.
     0 | D:1      | Reached XP level 1. HP: 16/16 MP: 1/1
   269 | D:1      | Gained mutation: A weak demonic guardian rushes to your
                  | aid. [demonic ancestry]
   269 | D:1      | Reached XP level 2. HP: 6/22 MP: 2/2
   270 | D:1      | HP: 1/22 [frozen (1)]
   801 | D:2      | Reached XP level 3. HP: 12/27 MP: 3/3
   879 | D:2      | Found a runed translucent door.
   880 | D:2      | Noticed Crazy Yiuf
   884 | D:2      | Slain by Crazy Yiuf

Illustrated notes

Levels and vault maps discovered:
D:1:      dpeg_arrival_shelter, layout_basic
D:2:      layout_basic, hex_tiny, uniq_sigmund, uniq_crazy_yiuf_cottage

Skill      XL: |  1  2 |
---------------+-------+-----
Long Blades    | 3 |  3.4
Dodging        | 3 |  3.0
Fighting       | |  2.1
Throwing       | |  1.8
Armour         | |  0.2

Action                   || total
-------------------------++-------
Melee: Long sword        ||    81
Armor: Leather armour    ||    29
Dodge: Dodged            ||    51
       Rpst.: Long sword ||    19
